 Dungeon Crawl Stone Soup version 0.29.1-15-g9cfb28693d (webtiles) character file.

Game seed: 11247270132406260953

1107 CommanderCrumbcake the Chopper (level 8, -1/59 (67) HPs)
             Began as a Gnoll Chaos Knight on Feb 22, 2023.
             Was an Elder of Ru.
             Slain by a gnoll
             ... wielding a +0 spear
             ... led by a gnoll bouda
              (2 damage)
             ... on level 6 of the Dungeon.
             The game lasted 00:27:15 (5570 turns).

CommanderCrumbcake the Chopper (Gnoll Chaos Knight) Turns: 5570, Time: 00:27:15

HP:   -1/59 (67)    AC:  5    Str: 10    XL:     8   Next: 33%
MP:   12/12         EV: 12    Int: 14    God:    Ru [****..]
Gold: 386           SH:  0    Dex: 11    Spells: 3/13 levels left

rFire   . . .      SeeInvis .   d - +2 hand axe (vorpal)
rCold   . . .      Faith    .   (shield unavailable)
rNeg    . . .      Spirit   .   b - +2 leather armour
rPois   .          Reflect  .   (no helmet)
rElec   .          Harm     .   (no cloak)
rCorr   .          Rampage  .   (no gloves)
Will    .....                   (no boots)
Stlth   ++........              (no amulet)
HPRegen 0.19/turn               (ring unavailable)
MPRegen 0.13/turn               (no ring)

@: exhausted, weakened, heavily drained, unable to read
A: fangs 1, inability to read after injury 2, missing a hand, strong nose,
distributed training, screaming 1, weak 1
a: Renounce Religion, Draw Out Power, Power Leap


You were on level 6 of the Dungeon.
You worshipped Ru.
Ru was greatly pleased with you.
You visited 1 branch of the dungeon, and saw 6 of its levels.

You collected 386 gold pieces.

Inventory:

Hand Weapons
 a - a +0 hand axe of chaos
 d - a +2 vorpal hand axe (weapon)
Missiles
 n - 5 boomerangs of dispersal (quivered)
 s - 3 silver boomerangs
Armour
 b - a +2 leather armour (worn)
Wands
 o - a wand of flame (14)
Scrolls
 k - a scroll of fog
 p - a scroll of enchant weapon {unknown}
 r - a scroll of teleportation
 t - a scroll of acquirement {unknown}
 x - a scroll of enchant armour {unknown}
Potions
 f - a potion of berserk rage {unknown}
 g - 2 potions of cancellation {unknown}
 h - 4 potions of brilliance
 i - a potion of lignification {unknown}
 j - a potion of flight {unknown}
 l - 2 potions of heal wounds {unknown}
 m - a potion of haste {unknown}
 q - a potion of might {unknown}
 u - a potion of attraction {unknown}
 v - a potion of mutation {unknown}
 w - a potion of curing
Miscellaneous
 c - a piece from Xom's chessboard (15/15)


   Skills:
 + Level 7.4 Fighting
 + Level 3.3 Short Blades
 + Level 3.3 Long Blades
 + Level 7.4 Axes
 + Level 3.3 Maces & Flails
 + Level 3.3 Polearms
 + Level 3.3 Staves
 + Level 3.3 Ranged Weapons
 + Level 3.3 Throwing
 + Level 5.7 Armour
 + Level 4.2 Dodging
 + Level 3.3 Stealth
   Level 0.0 Shields
 + Level 3.3 Unarmed Combat
 + Level 3.3 Spellcasting
 + Level 2.6 Conjurations
 + Level 2.6 Hexes
 + Level 2.6 Summonings
 + Level 2.6 Necromancy
 + Level 2.6 Translocations
 + Level 2.6 Transmutations
 + Level 2.6 Fire Magic
 + Level 2.6 Ice Magic
 + Level 2.6 Air Magic
 + Level 2.6 Earth Magic
 + Level 2.6 Poison Magic
 + Level 3.6 Invocations
 + Level 3.3 Evocations


You had 3 spell levels left.
You knew the following spells:

 Your Spells              Type           Power      Damage    Failure   Level
a - Confusing Touch       Hex            9%         N/A       26%         3
b - Vampiric Draining     Necr           9%         2d6       26%         3
c - Summon Lightning Spi  Summ/Air       9%         N/A       65%         4

Your spell library contained the following spells:

 Spells                   Type           Power      Damage    Failure   Level
 Slow                     Hex            36%        N/A       9%          1
 Gell's Gravitas          Tloc           9%         N/A       26%         3
 Teleport Other           Tloc           9%         N/A       26%         3
 Yara's Violent Unravell  Hex/Tmut       4%         3d4       94%         5
 Dispersal                Tloc           4%         N/A       100%        6
 Enfeeble                 Hex            4%         N/A       100%        7
 Haunt                    Necr/Summ      4%         N/A       100%        7
 Death's Door             Necr           4%         N/A       100%        9


Dungeon Overview and Level Annotations

Branches:
Dungeon (6/15)
 Temple: D:4-7

Altars:
Cheibriados
Kikubaaqudgha
Okawaru
Ru


Innate Abilities, Weirdness & Mutations

You have very sharp teeth.
You sometimes lose the ability to read scrolls when taking damage.
You are missing a hand.
Your uncanny sense of smell can sniff out nearby items.
Your experience applies equally to all skills.
You occasionally shout uncontrollably at your foes.
You are weak. (Str -2)


Message History

You closely miss the wight. The gnoll misses you. The gnoll closely misses you.
The gnoll hits you with a +0 club.
The wight hits you with a +3 long sword!
You hit the gnoll but do no damage.
The gnoll is moderately wounded.
You hit the wight but do no damage. The gnoll barely misses you.
The gnoll hits you but does no damage. x2; The wight closely misses you.
You hit the gnoll.
The gnoll is severely wounded.
You hit the wight but do no damage.
The gnoll hits you from afar with a +0 spear.
The gnoll barely misses you.
The wight hits you with a +3 long sword!
You feel drained.
You slash the gnoll!
You kill the gnoll!
You hit the wight. The gnoll closely misses you.
Unknown command.
Your attacks no longer feel as feeble.
The gnoll hits you from afar with a +0 spear.
The wight hits you with a +3 long sword.
* * * LOW HITPOINT WARNING * * *
Things that are here:
a +0 club; a gnoll corpse The gnoll bouda begins to pray, but is stunned by your conviction!
Unknown command.
The gnoll bouda gazes fiercely through you!
You feel your attacks grow feeble.
The wight hits you with a +3 long sword!
* * * LOW HITPOINT WARNING * * *
You feel drained.
* * * LOW HITPOINT WARNING * * *
The gnoll hits you from afar with a +0 spear.
* * * LOW HITPOINT WARNING * * *
You focus your inner power and blind the gnoll in retribution!
The gnoll hits you with a +0 spear.
* * * LOW HITPOINT WARNING * * *
The gnoll barely misses you. The gnoll attacks as you move away!
The gnoll hits you with a +0 spear.
You die...

###...(.....#.#
##....###.#.#
#.....#.....#
#.........####
###.g........+
##.........#
#........###∆
#.ggg..†.#.####+####
##.).#@..#...........
#..g.z.#.#.......##
#.....##.......<..#
#####.##..........#
#####.........#
##...........
#...........#
#..........###
##..##.....#


You could see a gnoll bouda, a wight and 4 gnolls.

Vanquished Creatures
  A sky beast (D:6)
  An ogre (D:5)
  A black bear (D:5)
  A centaur (D:5)
  A necrophage (D:5)
  4 scorpions
  A howler monkey (D:4)
  3 hounds
  5 orc priests
  Jessica (D:2)
  An iguana (D:6)
  A gnoll (D:6)
  9 adders
  2 ufetubi
  A worm (D:2)
  A dart slug (D:2)
  14 orcs
  10 endoplasms
  A giant cockroach (D:2)
  9 goblins
  13 hobgoblins
  7 kobolds
  4 quokkas
  10 ball pythons
  4 bats
  2 frilled lizards
  3 rats
111 creatures vanquished.

Vanquished Creatures (others)
  An orc priest (D:5)
1 creature vanquished.

Grand Total: 112 creatures vanquished

Notes
Turn   | Place    | Note
-------+----------+-------------------------------------------
     0 | D:1      | CommanderCrumbcake the Gnoll Chaos Knight began the quest
                  | for the Orb.
     0 | D:1      | Reached XP level 1. HP: 23/23 MP: 1/1
    73 | D:1      | XOM: divination: magic mapping
   175 | D:1      | Reached XP level 2. HP: 29/29 MP: 2/2
   302 | D:2      | Noticed Jessica
   308 | D:2      | Killed Jessica
   309 | D:2      | Reached skill level 1 in Invocations
   309 | D:2      | Reached XP level 3. HP: 17/35 MP: 2/4
   414 | D:3      | Reached skill level 1 in Short Blades
   414 | D:3      | Reached skill level 1 in Long Blades
   414 | D:3      | Reached skill level 1 in Maces & Flails
   414 | D:3      | Reached skill level 1 in Polearms
   414 | D:3      | Reached skill level 1 in Staves
   414 | D:3      | Reached skill level 1 in Ranged Weapons
   414 | D:3      | Reached skill level 1 in Throwing
   414 | D:3      | Reached skill level 1 in Stealth
   414 | D:3      | Reached skill level 1 in Shields
   414 | D:3      | Reached skill level 1 in Unarmed Combat
   414 | D:3      | Reached skill level 1 in Spellcasting
   414 | D:3      | Reached skill level 1 in Evocations
   423 | D:3      | Learned a level 3 spell: Confusing Touch
   508 | D:3      | Reached XP level 4. HP: 28/41 MP: 5/5
   544 | D:3      | Found an iron altar of Okawaru.
   582 | D:3      | Found a sacrificial altar of Ru.
   596 | D:3      | Fell from the grace of Xom
   596 | D:3      | Became a worshipper of Ru the Awakened
   705 | D:3      | Reached skill level 1 in Conjurations
   705 | D:3      | Reached skill level 1 in Hexes
   705 | D:3      | Reached skill level 1 in Summonings
   705 | D:3      | Reached skill level 1 in Necromancy
   705 | D:3      | Reached skill level 1 in Translocations
   705 | D:3      | Reached skill level 1 in Transmutations
   705 | D:3      | Reached skill level 1 in Fire Magic
   705 | D:3      | Reached skill level 1 in Ice Magic
   705 | D:3      | Reached skill level 1 in Air Magic
   705 | D:3      | Reached skill level 1 in Earth Magic
   705 | D:3      | Reached skill level 1 in Poison Magic
   987 | D:3      | XOM: give mutations
   987 | D:3      | Gained mutation: You are weak. (Str -2) [Xom's mischief]
   987 | D:3      | Gained mutation: You occasionally shout uncontrollably at
                  | your foes. [Xom's mischief]
  1696 | D:2      | Reached XP level 5. HP: 47/47 MP: 7/7
  1732 | D:2      | XOM: 3-stop teleportation journey
  1772 | D:2      | Gained mutation: You are missing a hand. [Ru sacrifice]
  1772 | D:2      | Reached * piety under Ru
  1772 | D:2      | Reached ** piety under Ru
  1772 | D:2      | Reached *** piety under Ru
  2221 | D:1      | Found a faded altar of an unknown god.
  2390 | D:1      | Learned a level 3 spell: Vampiric Draining
  2855 | D:4      | Got the Secrets of Congregated Left-Handed Liturgies
  2892 | D:4      | Reached XP level 6. HP: 20/53 MP: 8/8
  2893 | D:4      | Reached skill level 5 in Armour
  3520 | D:4      | XOM: noise
  3698 | D:4      | Found an ancient bone altar of Kikubaaqudgha.
  3705 | D:4      | Reached XP level 7. HP: 59/59 MP: 10/10
  3822 | D:5      | Entered Level 5 of the Dungeon
  4268 | D:5      | XOM: noise
  4271 | D:5      | Found a snail-covered altar of Cheibriados.
  4297 | D:5      | Learned a level 4 spell: Summon Lightning Spire
  4531 | D:5      | Gained mutation: You occasionally lose the ability to read
                  | scrolls when taking damage. [Ru sacrifice]
  4531 | D:5      | Gained mutation: You sometimes lose the ability to read
                  | scrolls when taking damage. [Ru sacrifice]
  4531 | D:5      | Reached **** piety under Ru
  5044 | D:5      | Reached XP level 8. HP: 65/67 MP: 12/12
  5479 | D:5      | XOM: noise
  5550 | D:6      | XOM: noise
  5569 | D:6      | HP: 1/59 [gnoll/+0 spear[a gnoll bouda] (3)]
  5570 | D:6      | Slain by a gnoll

Illustrated notes

Levels and vault maps discovered:
D:1:      lightli_arrival_isolated_outpost, layout_basic,
          shapermc_ecumenical_altar_hornbeckon
D:2:      layout_loops_corners, mrwooster_statue_mirror, grunt_decor_arrowhead,
          uniq_jessica
D:3:      layout_basic, okawaru_metal_pillars_1_2, mainiacjoe_overflow_brackets
D:4:      minmay_spotlight, layout_gridville, kiku_gazebo_pond_becter,
          minmay_fractal_squares_5
D:5:      layout_basic, mainiacjoe_overflow_24_doors
D:6:      nicolae_cairo_tiling_very_big, layout_cave_pools,
          mainiacjoe_overflow_alcove_4, serial_glass, glass_columns_a,
          glass_columns_c, ebering_dispersal_statue_hall,
          minmay_a_box_with_orc_wizards_in_it, uniq_duvessa

Skill      XL: |  1  2  3  4  5  6  7 |
---------------+----------------------+-----
Invocations    | 1 2 3 |  3.6
Short Blades   | 1 2 3 |  3.3
Long Blades    | 1 2 3 |  3.3
Maces & Flails | 1 2 3 |  3.3
Polearms       | 1 2 3 |  3.3
Staves         | 1 2 3 |  3.3
Ranged Weapons | 1 2 3 |  3.3
Throwing       | 1 2 3 |  3.3
Stealth        | 1 2 3 |  3.3
Shields        | 1 0 |  0.0
Unarmed Combat | 1 2 3 |  3.3
Spellcasting   | 1 2 3 |  3.3
Evocations     | 1 2 3 |  3.3
Conjurations   | 1 2 |  2.6
Hexes          | 1 2 |  2.6
Summonings     | 1 2 |  2.6
Necromancy     | 1 2 |  2.6
Translocations | 1 2 |  2.6
Transmutations | 1 2 |  2.6
Fire Magic     | 1 2 |  2.6
Ice Magic      | 1 2 |  2.6
Air Magic      | 1 2 |  2.6
Earth Magic    | 1 2 |  2.6
Poison Magic   | 1 2 |  2.6
Dodging        | 3 4 |  4.2
Armour         | 5 |  5.7
Fighting       | 7 |  7.4
Axes           | 7 |  7.4

Action                   |  1- 3 |  4- 6 |  7- 9 || total
-------------------------+-------+-------+-------++-------
Melee: Hand axe          |    43 |   185 |   121 ||   349
       Bite              |     4 |    16 |    14 ||    34
       Punch             |     1 |     1 |       ||     2
Throw: Javelin           |     2 |     2 |     9 ||    13
 Cast: Vampiric Draining |       |       |     7 ||     7
       Confusing Touch   |       |       |     2 ||     2
Invok: Sacrifice a Hand  |       |     1 |       ||     1
       Draw Out Power    |       |       |     3 ||     3
       Sacrifice Words   |       |       |     1 ||     1
Evoke: Piece from Xom's  |     2 |     3 |       ||     5
       Wand              |       |     1 |     2 ||     3
  Use: Scroll            |     3 |     4 |     1 ||     8
       Potion            |       |     4 |       ||     4
 Stab: Sleeping          |     2 |       |       ||     2
       Confused          |       |       |     3 ||     3
       Distracted        |       |       |     1 ||     1
Armor: Leather armour    |    15 |    48 |    35 ||    98
Dodge: Dodged            |    47 |   144 |   111 ||   302
